Match 22230364
Unlisted

Match 22230364
End
Panzergrenadier Squad
Panzergrenadier Squad
250 Light Carrier
Construct Light Support Kompanie
Panzerjäger Squad
2.5-tonne Medical Truck
Fire Support Elements
Pak 38 Mechanized Group
Flakvierling Half-track
Combat Half-tracks
Selects Armored Support Battlegroup
Selects Salvage Kits
Selects Panzer Storm
Construct Panzerarmee Kommand
Assault Mechanized Group
MG34 Team
Assault Grenadier Squad
Assault Grenadier Squad
Pak 38 Anti-tank Gun Team
Pak 38 Anti-tank Gun Team
Selects Stuka Anti-tank Loiter
Stuka Anti-tank Loiter
Stuka Anti-tank Loiter
Walking Stuka Rocket Launcher
Gorilla
Capitalism
Jm200092
进行一个游戏的玩
kerem
kuzu1
MINAMI
Mad_Korean 매코
0
0

Comments sign in to comment!

No comments posted yet!